TOP OF THE 1ST |
Windy City ThunderBolts batting - Pitching for Paris Cubs : LHP Wilhelm Myers
|
Pitching: LHP Wilhelm Myers
|
|
Batting: LHB Jose Pereyra
|
0-0: Foul Ball, location: 2F 0-1: SINGLE (Groundball, 34D, EV 101.2 MPH)
|
Batting: SHB Rob Haney
|
0-0: Foul Ball, location: 2F 0-1: Ball 1-1: Ball 2-1: Foul Ball, location: 2F 2-2: SINGLE (Line Drive, 89S, EV 106.9 MPH) Jose Pereyra to second
|
Batting: RHB Tyrell Camp
|
0-0: Ball 1-0: SINGLE (Line Drive, 4D, EV 104.4 MPH) Jose Pereyra to third Rob Haney to second Runner from 3rd tries for Home, throw by RF and OUT! 9-2 Rob Haney to third Tyrell Camp to second
|
Batting: RHB Joselito Santos
|
0-0: SINGLE (Groundball, 6MD, EV 96.2 MPH) Rob Haney scores Tyrell Camp to third Runner from 3rd tries for Home, SAFE, throw by CF to home
|
Batting: RHB Camillo Bonauiti
|
0-0: Ball 1-0: Foul Ball, location: 2F 1-1: Ball 2-1: Swinging Strike 2-2: Ball 3-2: Foul Ball, location: 2F 3-2: Foul Ball, location: 2F 3-2: Strikes out swinging
|
Batting: RHB Joe Thomas
|
0-0: Fly out, F9 (Flyball, 89S, EV 75.6 MPH)
|
Top of the 1st over - 2 runs, 4 hits, 0 errors, 1 left on base; Windy City 2 - Paris 0 |
BOTTOM OF THE 1ST |
Paris Cubs batting - Pitching for Windy City ThunderBolts : RHP Ryan Burson
|
Pitching: RHP Ryan Burson
|
|
Batting: SHB Jim Lloyd
|
0-0: Ball 1-0: Ball 2-0: Called Strike 2-1: Called Strike 2-2: Foul Ball, location: 2F 2-2: Ball 3-2: Fly out, F8 (Flyball, 8RM, EV 80.0 MPH)
|
Batting: RHB Dan Orozco
|
0-0: Ball 1-0: Called Strike 1-1: Swinging Strike 1-2: Foul Ball, location: 2F 1-2: Foul Ball, location: 2F 1-2: Ball 2-2: Strikes out swinging
|
Batting: RHB Ricky Ramirez
|
0-0: Called Strike 0-1: Ball 1-1: Called Strike 1-2: Ball 2-2: Fly out, F7 (Line Drive, 7LS, EV 93.8 MPH)
|
Bottom of the 1st over - 0 runs, 0 hits, 0 errors, 0 left on base; Windy City 2 - Paris 0 |
TOP OF THE 2ND |
Windy City ThunderBolts batting - Pitching for Paris Cubs : LHP Wilhelm Myers
|
Batting: SHB Danny Gallegos
|
0-0: Ball 1-0: Foul Ball, location: 2F 1-1: Called Strike 1-2: Foul Ball, location: 2F 1-2: Ball 2-2: Foul Ball, location: 2F 2-2: Foul Ball, location: 2F 2-2: Strikes out swinging
|
Batting: RHB Kaoru Hamada
|
0-0: Called Strike 0-1: Swinging Strike 0-2: Strikes out looking
|
Batting: RHB Dave Dominguez
|
0-0: Called Strike 0-1: Foul Ball, location: 2F 0-2: Strikes out swinging
|
Top of the 2nd over - 0 runs, 0 hits, 0 errors, 0 left on base; Windy City 2 - Paris 0 |
BOTTOM OF THE 2ND |
Paris Cubs batting - Pitching for Windy City ThunderBolts : RHP Ryan Burson
|
Batting: LHB Jeremy Rideout
|
0-0: Foul Ball, location: 2F 0-1: Ball 1-1: Ball 2-1: Fly out, F4 (Flyball, 34D, EV 86.9 MPH)
|
Batting: RHB Andy Villarreal
|
0-0: Called Strike 0-1: Fly out, F7 (Flyball, 78D, EV 95.0 MPH)
|
Batting: LHB David Mendez
|
0-0: Ball 1-0: Foul Ball, location: 2F 1-1: Swinging Strike 1-2: Foul Ball, location: 2F 1-2: Strikes out swinging
|
Bottom of the 2nd over - 0 runs, 0 hits, 0 errors, 0 left on base; Windy City 2 - Paris 0 |
TOP OF THE 3RD |
Windy City ThunderBolts batting - Pitching for Paris Cubs : LHP Wilhelm Myers
|
Batting: LHB Jose Pereyra
|
0-0: Called Strike 0-1: Foul Ball, location: 2F 0-2: Ball 1-2: DOUBLE (Line Drive, 89D, EV 112.5 MPH)
|
Pitching: RHP Mike Reusch
|
|
Batting: SHB Rob Haney
|
0-0: Called Strike 0-1: Fly out, F8 (Line Drive, 8LM, EV 108.1 MPH)
|
Batting: RHB Tyrell Camp
|
0-0: Called Strike 0-1: 2-RUN HOME RUN (Flyball, 7D, EV 103.8 MPH), Distance : 395 ft
|
Batting: RHB Joselito Santos
|
0-0: Called Strike 0-1: SINGLE (Groundball, 6D, EV 98.1 MPH)
|
Batting: RHB Camillo Bonauiti
|
0-0: Called Strike 0-1: Ball Wild Pitch! Joselito Santos to second 1-1: Called Strike 1-2: Foul Ball, location: 2F 1-2: Ball Passed Ball! Joselito Santos to third 2-2: Strikes out looking
|
Batting: RHB Joe Thomas
|
0-0: Called Strike 0-1: Ball 1-1: Ball 2-1: Swinging Strike 2-2: SINGLE (Flyball, 3D, EV 94.4 MPH) Joselito Santos scores
|
Batting: SHB Danny Gallegos
|
0-0: Called Strike Joe Thomas steals 2nd base 0-1: Ball 1-1: Ball 2-1: Swinging Strike 2-2: Ball Passed Ball! Joe Thomas to third 3-2: Strikes out swinging
|
Top of the 3rd over - 3 runs, 4 hits, 0 errors, 1 left on base; Windy City 5 - Paris 0 |
BOTTOM OF THE 3RD |
Paris Cubs batting - Pitching for Windy City ThunderBolts : RHP Ryan Burson
|
Batting: RHB Michihisa Tanaka
|
0-0: Ball 1-0: Ball 2-0: Ball 3-0: Base on Balls
|
Batting: RHB Willie Rubio
|
0-0: Foul Ball, location: 2F 0-1: Called Strike 0-2: Strikes out swinging
|
Batting: RHB Jesus Resendez
|
0-0: Called Strike 0-1: Called Strike 0-2: Ball 1-2: Ball 2-2: Strikes out swinging
|
Batting: SHB Jim Lloyd
|
0-0: Ball 1-0: Ball 2-0: Called Strike 2-1: Foul Ball, location: 2F 2-2: Foul Ball, location: 2F 2-2: Ball Passed Ball! Michihisa Tanaka to second 3-2: Fly out, F8 (Flyball, 89M, EV 86.9 MPH)
|
Bottom of the 3rd over - 0 runs, 0 hits, 0 errors, 1 left on base; Windy City 5 - Paris 0 |
TOP OF THE 4TH |
Windy City ThunderBolts batting - Pitching for Paris Cubs : RHP Mike Reusch
|
Batting: RHB Kaoru Hamada
|
0-0: Called Strike 0-1: Foul Ball, location: 2F 0-2: Ball 1-2: Foul Ball, location: 2F 1-2: Strikes out swinging
|
Pitching: RHP Melvin Orengo
|
|
Batting: RHB Dave Dominguez
|
0-0: Ball 1-0: Ball 2-0: Ball 3-0: Called Strike 3-1: Called Strike 3-2: Strikes out swinging
|
Batting: LHB Jose Pereyra
|
0-0: Called Strike 0-1: Fly out, F9 (Flyball, 9, EV 85.6 MPH)
|
Top of the 4th over - 0 runs, 0 hits, 0 errors, 0 left on base; Windy City 5 - Paris 0 |
BOTTOM OF THE 4TH |
Paris Cubs batting - Pitching for Windy City ThunderBolts : RHP Ryan Burson
|
Batting: RHB Dan Orozco
|
0-0: Ball 1-0: Foul Ball, location: 2F 1-1: Swinging Strike 1-2: Foul Ball, location: 2F 1-2: TRIPLE (Flyball, 9LD, EV 91.9 MPH)
|
Batting: RHB Ricky Ramirez
|
0-0: Swinging Strike 0-1: Ground out 1-3 (Groundball, 13S, EV 73.8 MPH)
|
Batting: LHB Jeremy Rideout
|
0-0: Ball 1-0: Ball 2-0: Foul Ball, location: 2F 2-1: Fly out, F9 (Flyball, 9D, EV 101.9 MPH) Runner from 3rd tags up, OUT at HOME! 9-2
|
Bottom of the 4th over - 0 runs, 1 hit, 0 errors, 0 left on base; Windy City 5 - Paris 0 |
TOP OF THE 5TH |
Windy City ThunderBolts batting - Pitching for Paris Cubs : RHP Melvin Orengo
|
Batting: SHB Rob Haney
|
0-0: Ball 1-0: Ball 2-0: Called Strike 2-1: Ball 3-1: SOLO HOME RUN (Flyball, 89XD, EV 107.5 MPH), Distance : 428 ft
|
Batting: RHB Tyrell Camp
|
0-0: Called Strike 0-1: Foul Ball, location: 2F 0-2: Ball 1-2: Foul Ball, location: 2F 1-2: Foul Ball, location: 2F 1-2: Strikes out looking
|
Batting: RHB Joselito Santos
|
0-0: Called Strike 0-1: Fly out, F9 (Flyball, 9D, EV 92.5 MPH)
|
Batting: RHB Camillo Bonauiti
|
0-0: Foul Ball, location: 2F 0-1: Foul Ball, location: 2F 0-2: Strikes out swinging
|
Top of the 5th over - 1 run, 1 hit, 0 errors, 0 left on base; Windy City 6 - Paris 0 |
BOTTOM OF THE 5TH |
Paris Cubs batting - Pitching for Windy City ThunderBolts : RHP Ryan Burson
|
Batting: RHB Andy Villarreal
|
0-0: Called Strike 0-1: Foul Ball, location: 2F 0-2: Strikes out swinging
|
Batting: LHB David Mendez
|
0-0: Ball 1-0: Ball 2-0: Swinging Strike 2-1: Foul Ball, location: 2F 2-2: Foul Ball, location: 2F 2-2: Strikes out swinging
|
Batting: RHB Michihisa Tanaka
|
0-0: Ball 1-0: Called Strike 1-1: Called Strike 1-2: Foul Ball, location: 2F 1-2: Foul Ball, location: 2F 1-2: Strikes out swinging
|
Bottom of the 5th over - 0 runs, 0 hits, 0 errors, 0 left on base; Windy City 6 - Paris 0 |
TOP OF THE 6TH |
Windy City ThunderBolts batting - Pitching for Paris Cubs : RHP Melvin Orengo
|
Batting: RHB Joe Thomas
|
0-0: Ball 1-0: TRIPLE (Flyball, 78XD, EV 94.4 MPH)
|
Pitching: RHP Jose Mata
|
|
Batting: SHB Danny Gallegos
|
0-0: Fly out, F8 (Line Drive, 89D, EV 94.4 MPH) Runner from 3rd tags up, SCORES, throw by CF
|
Batting: RHB Kaoru Hamada
|
0-0: Ball 1-0: Ball 2-0: Fly out, F9 (Flyball, 9S, EV 73.8 MPH)
|
Batting: RHB Dave Dominguez
|
0-0: Ball 1-0: Called Strike 1-1: Foul Ball, location: 2F 1-2: Foul Ball, location: 2F 1-2: Foul Ball, location: 2F 1-2: Ball 2-2: Strikes out looking
|
Top of the 6th over - 1 run, 1 hit, 0 errors, 0 left on base; Windy City 7 - Paris 0 |
BOTTOM OF THE 6TH |
Paris Cubs batting - Pitching for Windy City ThunderBolts : RHP Ryan Burson
|
Pitching: RHP Jeremy Brown
|
|
Batting: RHB Willie Rubio
|
0-0: Called Strike 0-1: Called Strike 0-2: Ball 1-2: Fly out, F9 (Line Drive, 89M, EV 105.6 MPH)
|
Batting: RHB Jesus Resendez
|
0-0: Ball 1-0: Called Strike 1-1: Foul Ball, location: 2F 1-2: Fly out, F4 (Popup, 4S, EV 75.6 MPH)
|
Batting: SHB Jim Lloyd
|
0-0: Ball 1-0: Called Strike 1-1: Foul Ball, location: 2F 1-2: Strikes out swinging
|
Bottom of the 6th over - 0 runs, 0 hits, 0 errors, 0 left on base; Windy City 7 - Paris 0 |
TOP OF THE 7TH |
Windy City ThunderBolts batting - Pitching for Paris Cubs : RHP Jose Mata
|
Batting: LHB Jose Pereyra
|
0-0: Ball 1-0: Ground out 1-3 (Groundball, P, EV 61.9 MPH)
|
Pinch Hitting: RHB Miguel Pacheco
|
0-0: Foul Ball, location: 2F 0-1: Swinging Strike 0-2: Ball 1-2: Strikes out swinging
|
Batting: RHB Tyrell Camp
|
0-0: Foul Ball, location: 2F 0-1: Ball 1-1: Ball 2-1: Foul Ball, location: 2F 2-2: Ball 3-2: SOLO HOME RUN (Flyball, 78XD, EV 111.2 MPH), Distance : 444 ft
|
Pitching: RHP Robbie Schoen
|
|
Batting: RHB Joselito Santos
|
0-0: Ball 1-0: Called Strike 1-1: Swinging Strike 1-2: Strikes out swinging
|
Top of the 7th over - 1 run, 1 hit, 0 errors, 0 left on base; Windy City 8 - Paris 0 |
BOTTOM OF THE 7TH |
Paris Cubs batting - Pitching for Windy City ThunderBolts : RHP Jeremy Brown
|
Now at SS: Miguel Pacheco
|
|
Batting: RHB Dan Orozco
|
0-0: Ball 1-0: Ball 2-0: Foul Ball, location: 2F 2-1: Ball 3-1: Foul Ball, location: 2F 3-2: Base on Balls
|
Batting: RHB Ricky Ramirez
|
0-0: Ball 1-0: SINGLE (Groundball, 6MD, EV 98.1 MPH) Dan Orozco to second
|
Batting: LHB Jeremy Rideout
|
0-0: Ball 1-0: Ball 2-0: Foul Ball, location: 2F 2-1: SINGLE (Groundball, 4MD, EV 105.6 MPH) Dan Orozco to third Ricky Ramirez to second Runner from 3rd tries for Home, SAFE, throw by CF to home
|
Batting: RHB Andy Villarreal
|
0-0: Ball 1-0: Foul Ball, location: 2F 1-1: Ball 2-1: Ground out 4-3 (Groundball, 4MS, EV 70.6 MPH) Ricky Ramirez to third Jeremy Rideout to second
|
Batting: LHB David Mendez
|
0-0: Called Strike 0-1: Ball 1-1: Foul Ball, location: 2F 1-2: Strikes out swinging
|
Batting: RHB Michihisa Tanaka
|
0-0: Hit by Pitch
|
Batting: RHB Willie Rubio
|
0-0: Swinging Strike 0-1: Called Strike 0-2: Ball 1-2: Foul Ball, location: 2F 1-2: Strikes out swinging
|
Bottom of the 7th over - 1 run, 2 hits, 0 errors, 3 left on base; Windy City 8 - Paris 1 |
TOP OF THE 8TH |
Windy City ThunderBolts batting - Pitching for Paris Cubs : RHP Robbie Schoen
|
Batting: RHB Camillo Bonauiti
|
0-0: Foul Ball, location: 2F 0-1: Foul Ball, location: 2F 0-2: SINGLE (Groundball, 4MD, EV 96.2 MPH)
|
Batting: RHB Joe Thomas
|
0-0: SINGLE (Line Drive, 8RS, EV 98.1 MPH) Camillo Bonauiti to second
|
Pinch Hitting: RHB Donovan Deason
|
0-0: Ball 1-0: SINGLE (Groundball, 34D, EV 102.5 MPH) Camillo Bonauiti to third Joe Thomas to second
|
Pinch Hitting: RHB Nhat Phong
|
0-0: Called Strike 0-1: Ball 1-1: Fly out, F8 (Flyball, 8LM, EV 86.9 MPH)
|
Pinch Hitting: RHB Paul Holland
|
0-0: Called Strike 0-1: Ball 1-1: Ball 2-1: Foul Ball, location: 2F 2-2: Fly out, F8 (Flyball, 8RD, EV 93.1 MPH) Runner from 3rd tags up, SCORES, throw by CF Joe Thomas to third
|
Pitching: RHP Alberto Cabrera
|
|
Batting: LHB Jose Pereyra
|
0-0: Swinging Strike 0-1: Foul Ball, location: 2F 0-2: Strikes out swinging
|
Top of the 8th over - 1 run, 3 hits, 0 errors, 2 left on base; Windy City 9 - Paris 1 |
BOTTOM OF THE 8TH |
Paris Cubs batting - Pitching for Windy City ThunderBolts : RHP Jeremy Brown
|
Now at 3B: Nhat Phong
|
|
Now at SS: Eddie Dimas
|
|
Now in CF: Ricky Avila
|
|
Now in RF: Miguel Pacheco
|
|
Batting: RHB Jesus Resendez
|
0-0: Called Strike 0-1: Ball 1-1: Foul Ball, location: 2F 1-2: Foul Ball, location: 2F 1-2: Ball 2-2: Strikes out swinging
|
Batting: SHB Jim Lloyd
|
0-0: Fly out, F7 (Flyball, 7LMF, EV 93.8 MPH)
|
Batting: RHB Dan Orozco
|
0-0: Ball 1-0: Ball 2-0: Swinging Strike 2-1: Ball 3-1: Base on Balls
|
Pitching: LHP James Reynolds
|
|
Batting: RHB Ricky Ramirez
|
0-0: Called Strike 0-1: Ball 1-1: Foul Ball, location: 2F 1-2: Ball 2-2: Ball 3-2: Base on Balls Dan Orozco to second
|
Batting: LHB Jeremy Rideout
|
0-0: Ball 1-0: Called Strike 1-1: Reaches on Catchers interference Dan Orozco to third Ricky Ramirez to second
|
Batting: RHB Andy Villarreal
|
0-0: Ball 1-0: Swinging Strike 1-1: Ball 2-1: Ground out 4-3 (Groundball, 34, EV 105.0 MPH)
|
Bottom of the 8th over - 0 runs, 0 hits, 1 error, 3 left on base; Windy City 9 - Paris 1 |
TOP OF THE 9TH |
Windy City ThunderBolts batting - Pitching for Paris Cubs : RHP Alberto Cabrera
|
Batting: RHB Miguel Pacheco
|
0-0: Called Strike 0-1: Foul Ball, location: 2F 0-2: Foul Ball, location: 2F 0-2: Ball 1-2: Ball 2-2: Strikes out swinging
|
Batting: RHB Tyrell Camp
|
0-0: Swinging Strike 0-1: Ball 1-1: SINGLE (Groundball, 56D, EV 109.4 MPH)
|
Batting: RHB Joselito Santos
|
0-0: Ball 1-0: Called Strike 1-1: Ball Wild Pitch! Tyrell Camp to second 2-1: Swinging Strike 2-2: Ball 3-2: Foul Ball, location: 2F 3-2: Base on Balls
|
Pitching: LHP Noah Hornby
|
|
Batting: RHB Camillo Bonauiti
|
0-0: Ball 1-0: Called Strike 1-1: SINGLE (Flyball, 8RS, EV 100.0 MPH) Tyrell Camp to third Joselito Santos to second
|
Batting: RHB Joe Thomas
|
0-0: Grounds into double play, 4-6-3 (Groundball, 4, EV 106.2 MPH)
|
Top of the 9th over - 0 runs, 2 hits, 0 errors, 2 left on base; Windy City 9 - Paris 1 |
BOTTOM OF THE 9TH |
Paris Cubs batting - Pitching for Windy City ThunderBolts : LHP James Reynolds
|
Batting: LHB David Mendez
|
0-0: Ball 1-0: Swinging Strike 1-1: Ball 2-1: Fly out, F8 (Flyball, 8LD, EV 100.0 MPH)
|
Batting: RHB Michihisa Tanaka
|
0-0: Foul Ball, location: 2F 0-1: Fly out, F5 (Popup, 5L, EV 62.5 MPH)
|
Batting: RHB Willie Rubio
|
0-0: Foul Ball, location: 2F 0-1: Foul Ball, location: 2F 0-2: Strikes out swinging
|
Bottom of the 9th over - 0 runs, 0 hits, 0 errors, 0 left on base; Windy City 9 - Paris 1 |
|